 Dungeon Crawl Stone Soup version 0.30-a0-620-g0e44632947 (webtiles) character file.

Game seed: 3659169580197656625

59 Oxelix the Sneak (level 3, -2/18 HPs)
             Began as a Spriggan Brigand on Jan 10, 2023.
             Slain by an orc wizard
             ... wielding a +0 dagger
              (4 damage)
             ... on level 2 of the Dungeon.
             The game lasted 00:03:02 (1184 turns).

Oxelix the Sneak (Spriggan Brigand)                 Turns: 1184, Time: 00:03:03

Health: -2/18      AC:  3    Str:  7    XL:     3   Next: 78%
Magic:  4/4        EV: 17    Int: 12    God:
Gold:   56         SH:  0    Dex: 18    Spells: 2/2 levels left

rFire   . . .      SeeInvis +    g - +0 dagger (vamp)
rCold   . . .      Faith    .    (no shield)
rNeg    . . .      Spirit   .    b - +0 robe
rPois   .          Reflect  .    (helmet restricted)
rElec   .          Harm     .    c - +0 cloak
rCorr   .          Rampage  .    (gloves unavailable)
Will    .....                    (boots unavailable)
Stlth   ++++                     (no amulet)
HPRegen 0.23/turn                (no ring)
MPRegen 0.09/turn                (no ring)

@: very quick
A: very small, no large weapons, unfitting armour, see invisible, speed 3
a: no special abilities


You were on level 2 of the Dungeon.
You visited 1 branch of the dungeon, and saw 2 of its levels.

You collected 56 gold pieces.

Inventory:

Hand Weapons
 g - a +0 vampiric dagger (weapon)
 h - a +0 rapier
Missiles
 d - 8 poisoned darts (quivered)
 e - 3 curare-tipped darts
 k - 6 boomerangs
Armour
 b - a +0 robe (worn)
 c - a +0 cloak (worn)
Scrolls
 f - a scroll of amnesia {unknown}
 j - a scroll of vulnerability {unknown}
Potions
 a - a potion of cancellation {unknown}
 i - a potion of might {unknown}


   Skills:
 - Level 1.5 Fighting
 + Level 2.9 Short Blades
 - Level 2.0 Throwing
 + Level 2.6 Dodging
 * Level 7.2 Stealth


You had 2 spell levels left.
You didn't know any spells.
Your spell library was empty.

Dungeon Overview and Level Annotations

Branches:
Dungeon (2/15)

Altars:


Innate Abilities, Weirdness & Mutations

You are very small and have problems with some larger weapons.
You are too small for most types of armour.
You have supernaturally acute eyesight. (SInv)
You cover ground extremely quickly. (Speed+++)


Message History

The orc wizard is lightly wounded.
The orc wizard misses you.
You hit the orc wizard.
The orc wizard is moderately wounded.
The orc wizard misses you.
You hit the orc wizard but do no damage.
The orc wizard is moderately wounded.
The orc wizard closely misses you.
You closely miss the orc wizard.
The orc wizard is moderately wounded.
The orc wizard hits you but does no damage.
You hit the orc wizard but do no damage.
The orc wizard is moderately wounded.
The orc wizard misses you.
You hit the orc wizard.
The orc wizard is severely wounded.
You hit the orc wizard.
The orc wizard is almost dead.
The orc wizard hits you with a +0 dagger.
You hit the orc wizard.
You kill the orc wizard!
The orc wizard shouts!
The orc wizard gestures at you while chanting.
The puff of flame hits you!
Your Stealth skill increases to level 7!
Things that are here:
a +0 dagger; a +0 robe; an orc corpse You hit the orc wizard but do no damage.
The orc wizard gestures at you while chanting.
The magic dart hits you.
* * * LOW HITPOINT WARNING * * *
You closely miss the orc wizard. The orc wizard misses you.
You closely miss the orc wizard. The orc wizard completely misses you.
You closely miss the orc wizard.
The orc wizard gestures at you while chanting.
The puff of flame hits you.
* * * LOW HITPOINT WARNING * * *
You hit the orc wizard but do no damage.
The orc wizard hits you with a +0 dagger.
You die...

##########
.........#
........##
##......
##.....##
#...)..<#
##o@)..##
##...##
##.## #.#
#.# #.#
#.# #.#


You could see an orc wizard.

Vanquished Creatures
  An orc wizard (D:2)
  A dart slug (D:1)
  An orc (D:2)
  3 endoplasms (D:1)
  2 giant cockroaches (D:1)
  2 goblins (D:1)
  3 hobgoblins (D:1)
  3 jackals (D:1)
  A ball python (D:1)
  2 bats (D:1)
  3 frilled lizards (D:1)
  8 kobolds (D:1)
30 creatures vanquished.

Notes
Turn   | Place    | Note
-------+----------+-------------------------------------------
     0 | D:1      | Oxelix the Spriggan Brigand began the quest for the Orb.
     0 | D:1      | Reached XP level 1. HP: 10/10 MP: 2/2
    65 | D:1      | Reached skill level 6 in Stealth
   194 | D:1      | Reached XP level 2. HP: 12/14 MP: 3/3
   713 | D:1      | Found a faded altar of an unknown god.
   777 | D:1      | Reached XP level 3. HP: 14/18 MP: 4/4
  1178 | D:2      | Reached skill level 7 in Stealth
  1184 | D:2      | Slain by an orc wizard

Illustrated notes

Levels and vault maps discovered:
D:1:      tarquinn_simple_flora_water_d, layout_basic,
          dilly_ecumenical_altar_fadedgnrine
D:2:      layout_loops_ring

Skill      XL: |  1  2  3 |
---------------+----------+-----
Stealth        | 6 7 |  7.2
Dodging        | 2 |  2.6
Fighting       | |  1.5
Short Blades   | |  2.9
Throwing       | |  2.0

Action                   || total
-------------------------++-------
Melee: Dagger            ||   113
       Punch             ||     3
Throw: Dart              ||     2
 Stab: Sleeping          ||     8
       Distracted        ||     1
Armor: Robe              ||    15
Dodge: Dodged            ||    66

Table legend: (Time is in decaauts)
 A = Elapsed time spent in this place.
 B = Non-inter-level travel time spent in this place.
 C = Inter-level travel time spent in this place.
 D = Time resting spent in this place.
 E = Time spent auto-exploring this place.
 F = Levels seen in this place.
 G = Mean time per level.
                   A        B        C        D        E       F      G
               +--------+--------+--------+--------+--------+-----+--------+
         Total |    845 |    792 |     53 |    187 |    385 |   2 |  422.5 |
       Dungeon |    845 |    792 |     53 |    187 |    385 |   2 |  422.5 |
               +--------+--------+--------+--------+--------+-----+--------+

Top non-repeatable levels by time:
     D:1: 829 daAuts
     D:2: 15 daAuts
